 Dungeon Crawl Stone Soup version 0.27-a0-931-g5a74e75d8f (webtiles) character file.

Game seed: 1038804839500292990

2748 rocky1 the Geomancer (level 9, 0/55 HPs)
             Began as a Gargoyle Earth Elementalist on Apr 7, 2021.
             Was an Initiate of Sif Muna.
             Slain by Harold
             ... wielding a +4 vorpal mace
              (15 damage)
             ... on level 7 of the Dungeon on Apr 11, 2021.
             The game lasted 00:45:43 (9896 turns).

rocky1 the Geomancer (Gargoyle Earth Elementalist)  Turns: 9896, Time: 00:45:44

Health: 0/55       AC: 13    Str: 12    XL:     9   Next: 68%
Magic:  0/16       EV: 13    Int: 19    God:    Sif Muna [......]
Gold:   122        SH:  0    Dex: 10    Spells: 7/18 levels left

rFire    . . .     SeeInvis .   c - +2 whip (freeze)
rCold    + . .     Faith    .   (no shield)
rNeg     + . .     Spirit   .   z - +2 robe {rC+}
rPois    ∞         Reflect  .   l - +2 helmet
rElec    +         Harm     .   (no cloak)
rCorr    +         Rampage  .   (no gloves)
Will     .....                  (no boots)
Stlth    ++........             t - amulet of the acrobat
HPRegen  0.18/turn              n - ring of resist corrosion
MPRegen  0.15/turn              (no ring)

@: marked
A: AC +6, negative energy resistance 1, electricity resistance, torment
resistance 1, unbreathing 1, petrification resistance
a: Renounce Religion


You were on level 7 of the Dungeon.
You worshipped Sif Muna.
Sif Muna was noncommittal.
You visited 2 branches of the dungeon, and saw 8 of its levels.

You collected 299 gold pieces.
You spent 177 gold pieces at shops.

Inventory:

Hand Weapons
 c - a +2 whip of freezing (weapon)
 i - a +0 dagger of venom
Missiles
 j - 3 javelins
 k - 45 poisoned darts (quivered)
Armour
 l - a +2 helmet (worn)
 u - the +11 tower shield "Fewile" {rF- Str+5}
   (You found it on level 4 of the Dungeon)

   It affects your strength (+5).
   It makes you vulnerable to fire.
 z - a +2 robe of cold resistance (worn)
Jewellery
 n - a ring of resist corrosion (left hand)
 t - an amulet of the acrobat (around neck)
Wands
 f - a wand of charming (9)
 h - a wand of flame (15)
 s - a wand of paralysis (10)
Scrolls
 a - a scroll of blinking
 b - a scroll of summoning
 e - a scroll of teleportation
 q - a scroll of fog
 r - a scroll of amnesia
 x - a scroll of enchant armour
Potions
 d - a potion of curing
 m - 5 potions of attraction


   Skills:
 + Level 6.2 Fighting
 - Level 1.2 Short Blades
 + Level 2.2(2.3) Maces & Flails
 - Level 0.5(1.5) Staves
 + Level 5.0 Dodging
 - Level 2.8 Stealth
 - Level 0.3 Unarmed Combat
 + Level 5.0 Spellcasting
 - Level 0.7 Transmutations
 + Level 9.4 Earth Magic
 + Level 2.5 Invocations


You had 7 spell levels left.
You knew the following spells:

 Your Spells              Type           Power      Damage    Failure   Level
a - Sandblast             Erth           80%        2d17      1%          1
b - Stone Arrow           Conj/Erth      44%        3d9       5%          3
c - Lee's Rapid Deconstr  Erth           20%        3d13*     7%          5
d - Passwall              Tmut/Erth      20%        N/A       2%          2

Your spell library contained the following spells:

 Spells                   Type           Power      Damage    Failure   Level
 Animate Skeleton         Necr           8%         N/A       12%         1
 Apportation              Tloc           8%         N/A       12%         1
 Corona                   Hex            4%         N/A       12%         1
 Summon Small Mammal      Summ           16%        N/A       12%         1
 Petrify                  Tmut/Erth      24%        N/A       16%         4
 Confusing Touch          Hex            4%         N/A       36%         3
 Gell's Gravitas          Tloc           2%         N/A       36%         3
 Yara's Violent Unravell  Hex/Tmut       3%         3d4       96%         5
 Metabolic Englaciation   Hex/Ice        2%         N/A       98%         5


Dungeon Overview and Level Annotations

Branches:
Dungeon (7/15)             Temple (1/1) D:6

Altars:
Ashenzari
Cheibriados
Dithmenos
Elyvilon
Fedhas
Gozag
Kikubaaqudgha
Nemelex Xobeh
Okawaru
Qazlal
Ru
Sif Muna
Trog
Uskayaw
Vehumet
Wu Jian
Xom
Zin
The Shining One

Shops:
D:6 [

Annotations:
D:7 Harold


Innate Abilities, Weirdness & Mutations

Your stone body is resilient. (AC +6)
You are immune to poison.
You resist negative energy. (rN+)
You are resistant to electric shocks. (rElec)
You are resistant to unholy torment.
You can survive without breathing.
You are immune to petrification.


Message History

Harold says happily, "The price on your head will fill my nest egg nicely!"
Harold casts a spell at you. The mark upon you grows brighter.
Harold throws a throwing net.
The throwing net closely misses you.
You see here a throwing net.
Harold throws a throwing net.
The throwing net completely misses you.
Casting: Stone Arrow (dangerous; 5% risk of failure)
Confirm with . or Enter, or press ? or * to list all spells.
Aiming: Stone Arrow (dangerous; 5% risk of failure)
Press: ? - help, Shift-Dir - straight line, f/p - Harold
Aim: Harold, wielding a +4 vorpal mace, wearing a +0 scale mail and quivering a throwing net (heavily wounded, 17% to evade)
The stone arrow hits Harold!!
Harold is almost dead.
Unknown command.
Harold casts a spell at you. The mark upon you grows brighter.
Harold gestures at you while chanting. The mark upon you grows brighter.
Harold fires a harpoon shot at you. The harpoon shot misses you.
Harold throws a throwing net.
The throwing net misses you. Harold gestures at you while chanting.
The mark upon you grows brighter.
There is a stone staircase leading down here.
You see here a throwing net.
Harold says, "Let's make it quick, okay?
I've got mouths to feed."
Harold gestures at you while chanting. The mark upon you grows brighter.
Casting: Stone Arrow (dangerous; 5% risk of failure)
Confirm with . or Enter, or press ? or * to list all spells.
Aiming: Stone Arrow (dangerous; 5% risk of failure)
Press: ? - help, Shift-Dir - straight line, f/p - Harold
Aim: Harold, wielding a +4 vorpal mace and wearing a +0 scale mail (severely wounded, 17% to evade)
The stone arrow hits Harold!
Harold is almost dead.
Unknown command.
You barely miss Harold.
Harold is almost dead.
Harold hits you with a +4 vorpal mace!
You die...

#.## ##.# #.)# #..#
#..###..# #...#...#
#...#...# #.......##
.........##
..8...8...###########
...........##...@@..#
8...⌠...8...'...##.##
...........##..###.#
.
..8...8...######...#
..
.........#######>###
...
#...^...##.......#
....
#...#...#........#
####...#
#...#...#.......##
#....#
#..###..#.......#
#.####


You could see Harold.

Vanquished Creatures
  Pikel (D:7)
  Grinder (D:4)
  A water moccasin (D:5)
  Menkaure (D:5)
  A necrophage (D:4)
  2 ice beasts (D:5)
  2 ogres
  A centaur (D:6)
  3 lemures (D:6)
  A phantom (D:5)
  A scorpion (D:5)
  A water moccasin skeleton (D:6)
  5 killer bees
  3 howler monkeys (D:7)
  A bullfrog zombie (D:5)
  2 centaur zombies
  4 hounds
  A jelly (D:3)
  A gnoll shaman (D:4)
  4 orc priests
  3 iguanas
  3 orc wizards
  A killer bee zombie (D:6)
  A hound zombie (D:5)
  7 gnolls
  A howler monkey skeleton (D:6)
  5 adders
  2 shadow imps (D:5)
  2 ufetubi
  An adder skeleton (D:5)
  5 worms
  2 dart slugs
  18 orcs
  10 ball pythons
  10 bats
  5 endoplasms
  2 giant cockroaches
  5 goblins
  3 hobgoblins
  6 jackals
  5 kobolds
  2 quokkas (D:3)
  2 frilled lizards
  5 rats
143 creatures vanquished.

Vanquished Creatures (others)
  A plant (D:6)
1 creature vanquished.

Grand Total: 144 creatures vanquished

Notes
Turn   | Place    | Note
-------+----------+-------------------------------------------
     0 | D:1      | rocky1 the Gargoyle Earth Elementalist began the quest for
                  | the Orb.
     0 | D:1      | Reached XP level 1. HP: 10/10 MP: 3/3
   199 | D:1      | Found a faded altar of an unknown god.
   253 | D:1      | Reached skill level 4 in Earth Magic
   293 | D:1      | Reached XP level 2. HP: 15/15 MP: 3/5
   906 | D:2      | Reached XP level 3. HP: 19/19 MP: 4/6
  1064 | D:2      | Reached skill level 5 in Earth Magic
  1825 | D:3      | Reached skill level 1 in Fighting
  1825 | D:3      | Reached XP level 4. HP: 17/25 MP: 3/7
  2143 | D:3      | Reached XP level 5. HP: 13/30 MP: 1/8
  2144 | D:3      | Reached skill level 6 in Earth Magic
  2792 | D:3      | Reached XP level 6. HP: 36/36 MP: 7/9
  2876 | D:3      | Found a stormy altar of Qazlal.
  3508 | D:4      | Noticed a necrophage
  3520 | D:4      | Killed a necrophage
  3526 | D:4      | Reached skill level 7 in Earth Magic
  3665 | D:4      | Reached XP level 7. HP: 41/41 MP: 4/10
  4049 | D:4      | Noticed Grinder
  4058 | D:4      | Killed Grinder
  4066 | D:4      | Learned a level 2 spell: Passwall
  4265 | D:4      | Learned a level 3 spell: Stone Arrow
  4271 | D:4      | Learned a level 5 spell: Lee's Rapid Deconstruction
  4523 | D:4      | Identified the +11 tower shield "Fewile" {rF- Str+5}
  4717 | D:5      | Entered Level 5 of the Dungeon
  4723 | D:5      | Reached XP level 8. HP: 48/48 MP: 8/12
  4782 | D:5      | Reached skill level 8 in Earth Magic
  5484 | D:5      | Reached skill level 5 in Fighting
  5742 | D:5      | Noticed Menkaure
  5756 | D:5      | Killed Menkaure
  5872 | D:5      | Upgraded the game from 0.27-a0-906-g0a00ce863d to
                  | 0.27-a0-931-g5a74e75d8f
  6005 | D:5      | Reached skill level 1 in Short Blades
  6851 | D:6      | Reached XP level 9. HP: 54/54 MP: 5/15
  6921 | D:6      | Found a staircase to the Ecumenical Temple.
  6927 | Temple   | Entered the Ecumenical Temple
  7018 | Temple   | Became a worshipper of Sif Muna the Loreminder
  7492 | D:6      | Found Yssael's Armour Shoppe.
  7504 | D:6      | Bought a +2 robe of cold resistance for 177 gold pieces
  8205 | D:6      | Found an ornate altar of the Wu Jian Council.
  8205 | D:6      | Found a faded altar of an unknown god.
  8213 | D:6      | Found an opulent altar of Gozag.
  8216 | D:6      | Found a faded altar of an unknown god.
  8218 | D:6      | Found a sparkling altar of Nemelex Xobeh.
  8327 | D:7      | Noticed Pikel
  8665 | D:7      | Killed Pikel
  8666 | D:7      | Reached skill level 1 in Maces & Flails
  8666 | D:7      | Reached skill level 9 in Earth Magic
  8666 | D:7      | Reached skill level 1 in Invocations
  8742 | D:7      | Found a shimmering altar of Xom.
  9275 | D:6      | Reached skill level 5 in Dodging
  9283 | D:6      | Reached skill level 5 in Spellcasting
  9661 | D:7      | Found an ancient bone altar of Kikubaaqudgha.
  9666 | D:7      | Found a hide-covered altar of Uskayaw.
  9666 | D:7      | Found a sacrificial altar of Ru.
  9679 | D:7      | Found a radiant altar of Vehumet.
  9681 | D:7      | Found a blossoming altar of Fedhas.
  9841 | D:7      | Noticed Harold
  9896 | D:7      | Slain by Harold

Illustrated notes

Levels and vault maps discovered:
D:1:      dpeg_arrival_tiny_d, layout_basic, basic_ecumenical_altar,
          hangedman_glass_teeth, minmay_misc_feat_iff
D:2:      layout_basic
D:3:      minmay_inner_zag, layout_loops_ring, lemuel_coloured_pillars_altar,
          kennysheep_generic_room_3
D:4:      layout_basic, serial_glass, glass_columns_c, glass_columns_a,
          due_unseen_surprise, item_on_display_a, feat_on_display,
          feat_on_display, kennysheep_doodads, st_stairs_3, uniq_grinder
D:5:      layout_rooms, water_boxes_lemuel, uniq_menkaure
D:6:      layout_layer_cave, chequers_temple_overflow_minitemple,
          minmay_temple_entry_gardened_gates, serial_shops,
          nicolae_shop_behind_doors
D:7:      layout_rooms, lemuel_mausoleum_altar_yredelemnul, old_standard_altar,
          minmay_overflow_temple_star_hex, minmay_misc_feat_chi, uniq_pikel,
          uniq_harold
Temple:   nicolae_temple_figure_zero

Skill      XL: |  1  2  3  4  5  6  7  8  9 |
---------------+----------------------------+-----
Earth Magic    | 4 5 6 7 8 9 |  9.4
Fighting       | 1 2 3 4 5 6 |  6.2
Dodging        | 2 3 4 5 |  5.0
Spellcasting   | 3 4 5 |  5.0
Short Blades   | 1 |  1.2
Maces & Flails | 2 |  2.2
Invocations    | 2 |  2.5
Staves         | |  0.5
Stealth        | |  2.8
Unarmed Combat | |  0.3
Transmutations | |  0.7

Action                   |  1- 3 |  4- 6 |  7- 9 || total
-------------------------+-------+-------+-------++-------
Melee: Unarmed           |     6 |       |       ||     6
       Dagger            |    11 |    73 |   149 ||   233
       Mace              |       |       |    40 ||    40
       Whip              |       |       |    29 ||    29
Throw: Dart              |    14 |       |     7 ||    21
 Cast: Sandblast         |    43 |    35 |    36 ||   114
       Passwall          |       |       |     2 ||     2
       Stone Arrow       |       |       |    56 ||    56
       Lee's Rapid Decon |       |       |     7 ||     7
Evoke: Wand              |       |       |     2 ||     2
  Use: Scroll            |     5 |     1 |     5 ||    11
       Potion            |       |     3 |    11 ||    14
 Stab: Sleeping          |       |     1 |       ||     1
       Distracted        |       |       |     1 ||     1
Armor: Robe              |    12 |    13 |    37 ||    62
       Leather armour    |       |    22 |    84 ||   106
       Skin              |       |       |    47 ||    47
Dodge: Dodged            |    17 |    34 |   194 ||   245

Table legend: (Time is in decaauts)
 A = Elapsed time spent in this place.
 B = Non-inter-level travel time spent in this place.
 C = Inter-level travel time spent in this place.
 D = Time resting spent in this place.
 E = Time spent auto-exploring this place.
 F = Levels seen in this place.
 G = Mean time per level.
                   A        B        C        D        E       F      G
               +--------+--------+--------+--------+--------+-----+--------+
         Total |   9906 |   9520 |    386 |   2932 |   4616 |   8 | 1238.2 |
       Dungeon |   9774 |   9388 |    386 |   2932 |   4509 |   7 | 1396.3 |
        Temple |    131 |    131 |      0 |      0 |    107 |   1 |  131.0 |
               +--------+--------+--------+--------+--------+-----+--------+

Top non-repeatable levels by time:
     D:6: 2176 daAuts
     D:5: 1848 daAuts
     D:3: 1730 daAuts
     D:4: 1274 daAuts
     D:7: 1047 daAuts
     D:1: 899 daAuts
     D:2: 798 daAuts
  Temple: 131 daAuts
